 Dungeon Crawl Stone Soup version 0.29.1-2-gbd0b4ee654 (webtiles) character file.

Game seed: 11546242660613277069

30919 KittyFluff the Basher (level 13, -7/120 HPs)
             Began as a Gargoyle Berserker on Oct 31, 2022.
             Was a High Priest of Trog.
             Mangled by a sphinx (9 damage)
             ... summoned by Kirke
             ... on level 3 of the Lair of Beasts on Nov 1, 2022.
             The game lasted 01:29:00 (15664 turns).

KittyFluff the Basher (Gargoyle Berserker)         Turns: 15664, Time: 01:29:00

Health: -7/120     AC:  0    Str: 26    XL:     13   Next: 54%
Magic:  0/13       EV: 17    Int: 10    God:    Trog [*****.]
Gold:   503        SH:  0    Dex: 11    Spells: 12/12 levels left

rFire   . . .      SeeInvis .     - Unarmed
rCold   + . .      Faith    .   (shield currently unavailable)
rNeg    + . .      Spirit   +   (body armour currently unavailable)
rPois   ∞          Reflect  .   (helmet currently unavailable)
rElec   .          Harm     .   (cloak currently unavailable)
rCorr   .          Rampage  .   (gloves currently unavailable)
Will    .....                   (boots currently unavailable)
Stlth   ..........              F - amulet "Adyicw" {Spirit rC+ Str+4 Stlth+}
HPRegen 0.30/turn               (ring currently unavailable)
MPRegen 0.13/turn               (ring currently unavailable)

@: confused, berserking (expiring), pig-form, slowed, very quick
A: fast, no casting, sickness immunity, AC +9, small, negative energy resistance
1, (electricity resistance), torment resistance 1, petrification resistance
a: Renounce Religion, Berserk, Trog's Hand, Brothers in Arms


You were on level 3 of the Lair of Beasts.
You worshipped Trog.
Trog was extremely pleased with you.
You were a filthy swine.
You visited 2 branches of the dungeon, and saw 14 of its levels.

You collected 692 gold pieces.
You spent 189 gold pieces at shops.

Inventory:

Hand Weapons
 z - a +4 flail of protection (melded)
 P - a +1 dire flail of protection
Missiles
 w - 2 curare-tipped darts
 E - 44 poisoned darts (quivered)
 N - 4 boomerangs
 U - 2 boomerangs of dispersal
Armour
 b - a +0 troll leather armour (melded)
 c - a +0 kite shield
 e - a +2 pair of gloves (melded)
 g - a +0 pair of boots (melded)
 o - a +2 helmet (melded)
 x - a +2 chain mail of cold resistance
 R - a +0 ring mail of cold resistance
 V - +0 steam dragon scales
 W - a +2 cloak (melded)
Jewellery
 d - a ring of see invisible
 p - a +4 ring of protection
 r - an amulet of regeneration
 u - a +6 ring of strength
 F - the amulet "Adyicw" (around neck) {Spirit rC+ Str+4 Stlth+}
   (You found it on level 10 of the Dungeon)

   [amulet of guardian spirit]

   It causes incoming damage to be divided between your reserves of health and
   magic.
   Str:       It affects your strength (+4).
   rC:        It protects you from cold.
   Stlth:     It makes you more stealthy.
 I - a ring of resist corrosion
 J - a ring of flight
 K - a ring of positive energy
 L - a +6 ring of dexterity (melded)
 M - a +6 ring of dexterity (melded)
Wands
 a - a wand of mindburst (15)
 v - a wand of charming (33)
 B - a wand of polymorph (14)
 C - a wand of digging (3)
Scrolls
 f - 9 scrolls of teleportation
 j - 2 scrolls of vulnerability {unknown}
 m - 6 scrolls of fear
 q - 3 scrolls of butterflies {unknown}
 s - a scroll of poison {unknown}
 t - a scroll of noise {unknown}
 y - a scroll of magic mapping {unknown}
 D - 2 scrolls of enchant armour {unknown}
 G - 3 scrolls of immolation {unknown}
 Q - a scroll of blinking
 S - 2 scrolls of enchant weapon
Potions
 h - 4 potions of heal wounds
 i - 2 potions of curing
 k - 3 potions of might
 l - a potion of invisibility
 n - a potion of flight
 H - 2 potions of cancellation
 O - 2 potions of lignification
 T - 2 potions of resistance
 X - a potion of haste {unknown}
Miscellaneous
 A - a tin of tremorstones (2/2)


   Skills:
 + Level 9.3 Fighting
 * Level 14.5 Maces & Flails
 + Level 0.1 Polearms
 + Level 2.0 Throwing
 * Level 10.6 Armour
 + Level 7.3 Dodging
 + Level 5.7 Stealth
 * Level 8.9 Shields
 + Level 1.3 Unarmed Combat


You had 12 spell levels left.
You didn't know any spells.
Your spell library contained the following spells:

 Spells                   Type           Power      Damage    Failure   Level
 Ensorcelled Hibernation  Hex/Ice        0%         N/A       50%         2
 Passwall                 Tmut/Erth      0%         N/A       50%         2
 Swiftness                Air            0%         N/A       75%         3


Dungeon Overview and Level Annotations

Branches:
Dungeon (11/15)            Temple (0/1) D:5            Lair (3/5) D:11
 Shoals (0/4) Lair:2       Spider (0/4) Lair:2
    Orc: D:9-12

Altars:
Ashenzari
Elyvilon
Gozag
Makhleb
Nemelex Xobeh
Okawaru
Wu Jian
Xom
Zin

Shops:
D:3 [   D:7 =   D:8 ?

Annotations:
Lair:3 Kirke


Innate Abilities, Weirdness & Mutations

You are a filthy swine.
You move quickly.
Your equipment is almost entirely melded.
You are incapable of wielding weapons or throwing items.
You cannot cast spells.
You are immune to sickness and miasma.
((Your stone body is resilient. (AC +9)))
You are immune to poison.
You resist negative energy. (rN+)
((You are resistant to electric shocks. (rElec)))
You are resistant to unholy torment.
You are immune to petrification.


Message History

The sphinx casts a spell.
You shrug off the repeated paralysis!
The sphinx mumbles some strange words.
You are more confused.
Something hits you but does no damage. The hog barely misses you.
The hog bites you but does no damage. The sphinx hits you but does no damage.
The sphinx hits you. The sphinx hits you but does no damage.
The sphinx hits you but does no damage. x3
You hear some strange, mumbled words.
You turn into a filthy swine.
Your +4 flail of protection melds into your body.
Your +2 cloak melds into your body.
Your +2 helmet melds into your body.
Your +2 pair of gloves melds into your body.
Your +0 pair of boots melds into your body.
Your +0 troll leather armour melds into your body.
Your +6 ring of dexterity melds into your body. x2
Your +4 flail of protection goes still.
You feel clumsy. x2
The hog bites you! The hog bites you. The sphinx hits you. The sphinx hits you!
The sphinx hits you.
You can move again.
You closely miss the sphinx.
The sphinx is almost dead.
The sphinx mumbles some strange words.
You feel yourself slow down. The hog misses you. Something hits you.
The hog bites you!
You miss something. The sphinx misses you. The sphinx closely misses you.
The sphinx barely misses you. The hog bites you! The sphinx hits you. x3
* * * LOW HITPOINT WARNING * * *
You closely miss the sphinx. The hog closely misses you. Something hits you!
* * * LOW HITPOINT WARNING * * *
The sphinx hits you!
* * * LOW HITPOINT WARNING * * *
The sphinx barely misses you. The sphinx hits you!
* * * LOW HITPOINT WARNING * * *
The hog misses you.
You hit the sphinx.
The sphinx is lightly wounded.
The hog closely misses you. The sphinx barely misses you. The sphinx hits you!
You die...

....#............#.#.#####..#
....##..##......P......###.##
...<###.P.#................#
..... .....................##
........................>(..#
............................#
.....##.####....h...........#
.....##### ##..{hh..........#
.....###.###P..#h####......##
......#....##.kHH#.####....#
..>.##.....#P............#.##
..........P#P..#.........#.P#
....#.#...##P..##.......##.##
.....##...###P.#####....##.P#
....###..####...#####.P###.##
....##.....#................#
....†.......................#


You could see 2 sphinxes, a lindwurm (summoned) and 3 hogs.

Vanquished Creatures
  2 boulder beetles (D:11)
  A centaur warrior (D:11)
  A catoblepas (D:11)
  A two-headed ogre (D:10)
  A skeletal warrior (D:11)
  A deep elf zephyrmancer (D:10)
  2 orc sorcerers (D:11)
  A cyclops (D:11)
  2 ugly things
  4 black mambas
  A merfolk siren (Lair:2)
  7 cane toads
  A water nymph (shapeshifter) (D:11)
  Maggie (D:8)
  2 kobold demonologists
  2 komodo dragons
  2 rime drakes
  An efreet (D:11)
  Psyche (D:8)
  3 merfolk (Lair:2)
  2 trolls (D:11)
  A queen bee (shapeshifter) (D:11)
  2 hornets
  Grinder (D:3)
  9 blink frogs
  2 shadows (D:11)
  3 spriggans (Lair:1)
  3 wyverns
  5 humans (D:8)
  A wraith (D:10)
  3 basilisks
  27 yaks
  3 hogs (Lair:3)
  A vampire mosquito (D:11)
  2 steam dragons
  Edmund (D:8)
  An acid dragon (D:10)
  13 water moccasins
  3 ice beasts
  4 orc warriors
  2 sky beasts
  5 black bears
  3 ogres
  7 centaurs
  13 wolves
  3 phantoms
  3 necrophages
  5 kobold brigands
  7 bullfrogs
  A gnoll sergeant (D:10)
  3 scorpions
  3 wights (D:7)
  6 killer bees
  An electric eel (Lair:1)
  A crimson imp (D:6)
  5 hounds
  2 gnoll boudas
  4 jellies
  2 iguanas
  6 orc priests
  16 orc wizards
  10 gnolls
  12 adders
  2 shadow imps
  A white imp (D:6)
  An ufetubus (D:6)
  2 worms (D:2)
  A dart slug (D:2)
  37 orcs
  6 ball pythons
  9 endoplasms
  3 giant cockroaches
  5 goblins
  6 hobgoblins
  8 jackals
  6 quokkas
  8 bats
  7 frilled lizards
  17 kobolds
  6 rats
369 creatures vanquished.

Vanquished Creatures (others)
  The ghost of Godmorgon the Zephyrmancer, a novice TeAE of Vehumet (Lair:1)
  A polar bear (Lair:1)
  A slime creature (D:11)
  A yak (D:8)
  2 jackals (D:8)
  A bush (D:11)
  13 fungi
  40 plants
60 creatures vanquished.

Grand Total: 429 creatures vanquished

Notes
Turn   | Place    | Note
-------+----------+-------------------------------------------
     0 | D:1      | KittyFluff the Gargoyle Berserker began the quest for the
                  | Orb.
     0 | D:1      | Reached XP level 1. HP: 14/14 MP: 1/1
    78 | D:1      | Found a faded altar of an unknown god.
   160 | D:1      | Reached XP level 2. HP: 10/19 MP: 2/2
   955 | D:1      | Reached XP level 3. HP: 23/23 MP: 3/3
  1127 | D:2      | Found a shimmering altar of Xom.
  1169 | D:2      | Reached ** piety under Trog
  1546 | D:2      | Found the +11 plutonium sword {Contam Stlth-}
  1638 | D:2      | Reached XP level 4. HP: 28/28 MP: 4/4
  2206 | D:3      | Found Orratuzxou's Antique Armour Boutique.
  2572 | D:3      | Noticed Grinder
  2573 | D:3      | Paralysed by Grinder for 3 turns
  2583 | D:3      | Killed Grinder
  2584 | D:3      | Reached skill level 4 in Maces & Flails
  2584 | D:3      | Reached XP level 5. HP: 33/33 MP: 5/5
  2584 | D:3      | Reached XP level 6. HP: 38/38 MP: 6/6
  3201 | D:4      | Noticed a sky beast
  3211 | D:4      | Reached skill level 5 in Maces & Flails
  3323 | D:4      | Identified the ring of Generosity {rPois Int+5}
  3455 | D:4      | Killed a sky beast
  3456 | D:4      | Reached skill level 1 in Stealth
  3456 | D:4      | Reached skill level 1 in Shields
  3456 | D:4      | Reached XP level 7. HP: 44/44 MP: 7/7
  4485 | D:3      | Bought a crude leather armour for 189 gold pieces
  4485 | D:3      | Identified the +1 leather armour of Loss {Harm rElec Str-3
                  | Dex+6} (You bought it in a shop on level 3 of the Dungeon)
  4566 | D:5      | Entered Level 5 of the Dungeon
  5010 | D:5      | Found an ornate altar of the Wu Jian Council.
  5111 | D:5      | Reached skill level 6 in Maces & Flails
  5220 | D:5      | Found a staircase to the Ecumenical Temple.
  5235 | D:5      | Reached XP level 8. HP: 45/48 MP: 8/8
  5306 | D:5      | Reached *** piety under Trog
  5308 | D:5      | Found a broken altar of Ashenzari.
  5867 | D:5      | Reached skill level 5 in Armour
  5975 | D:5      | Reached skill level 7 in Maces & Flails
  6278 | D:6      | Reached skill level 5 in Fighting
  6346 | D:6      | Reached XP level 9. HP: 54/54 MP: 9/9
  6401 | D:6      | Reached skill level 1 in Throwing
  6710 | D:6      | Found a burning altar of Makhleb.
  6822 | D:6      | Reached skill level 8 in Maces & Flails
  6980 | D:7      | Reached **** piety under Trog
  7478 | D:7      | Reached skill level 5 in Shields
  7761 | D:7      | Reached XP level 10. HP: 40/60 MP: 10/10
  7847 | D:7      | Reached skill level 9 in Maces & Flails
  7999 | D:7      | Found Wenel's Jewellery Boutique.
  8182 | D:8      | Found Ototwasuos's Magic Scroll Boutique.
  8373 | D:8      | Noticed Edmund
  8377 | D:8      | Noticed Psyche
  8450 | D:8      | Killed Psyche
  8460 | D:8      | Killed Edmund
  8460 | D:8      | Reached ***** piety under Trog
  8505 | D:8      | Reached skill level 10 in Maces & Flails
  8938 | D:8      | Noticed Maggie
  8947 | D:8      | Killed Maggie
  8948 | D:8      | Reached skill level 1 in Unarmed Combat
  9399 | D:9      | Reached skill level 5 in Dodging
  9399 | D:9      | Reached XP level 11. HP: 66/66 MP: 11/11
  9478 | D:9      | Found a white marble altar of Elyvilon.
  9546 | D:9      | Found a glowing silver altar of Zin.
  9591 | D:9      | Found an iron altar of Okawaru.
  9593 | D:9      | Found an opulent altar of Gozag.
 10008 | D:10     | Entered Level 10 of the Dungeon
 10270 | D:10     | Identified the amulet "Adyicw" {Spirit rC+ Str+4 Stlth+}
 10342 | D:10     | Noticed a sixfirhy
 10384 | D:10     | Noticed a two-headed ogre
 11101 | D:10     | Killed a two-headed ogre
 11314 | D:10     | Found a sparkling altar of Nemelex Xobeh.
 11314 | D:10     | Found a transporter.
 11314 | D:10     | Noticed a deep elf zephyrmancer
 11315 | D:10     | Noticed a red ugly thing
 11331 | D:10     | Killed a deep elf zephyrmancer
 11338 | D:10     | Killed a red ugly thing
 11565 | D:11     | Noticed a boulder beetle
 11565 | D:11     | Noticed a purple ugly thing
 11638 | D:11     | Noticed a cyclops
 11638 | D:11     | Noticed a boulder beetle
 11644 | D:11     | Killed a cyclops
 11645 | D:11     | Reached skill level 11 in Maces & Flails
 11715 | D:11     | Killed a boulder beetle
 11731 | D:11     | Received a gift from Trog
 11788 | D:11     | Found a staircase to the Lair.
 12009 | D:11     | Noticed a catoblepas
 12035 | D:11     | Killed a purple ugly thing
 12039 | D:11     | Reached XP level 12. HP: 73/73 MP: 10/12
 12047 | D:11     | Killed a catoblepas
 12048 | D:11     | Reached skill level 12 in Maces & Flails
 12788 | D:11     | Killed a boulder beetle
 12880 | D:11     | Noticed a centaur warrior
 12958 | D:11     | Killed a centaur warrior
 13035 | D:11     | Reached skill level 13 in Maces & Flails
 13200 | D:11     | Identified the +10 glaive of Igucsiu {speed, rElec Str-2
                  | Dex+4}
 13339 | Lair:1   | Entered Level 1 of the Lair of Beasts
 13362 | Lair:1   | Reached skill level 5 in Stealth
 13658 | Lair:1   | Received a gift from Trog
 13757 | Lair:1   | Reached skill level 10 in Armour
 13868 | Lair:1   | Reached XP level 13. HP: 80/80 MP: 13/13
 14058 | Lair:1   | Found a runed translucent door.
 14061 | Lair:1   | Noticed Godmorgon's ghost (novice TeAE)
 14061 | Lair:1   | Identified the +10 spear of World's End {venom, rElec rF+
                  | Int+4}
 14137 | Lair:1   | Killed Godmorgon's ghost
 14422 | Lair:2   | Reached skill level 14 in Maces & Flails
 14677 | Lair:2   | Found a hole to the Spider Nest.
 14839 | Lair:2   | Found a staircase to the Shoals.
 15634 | Lair:3   | Noticed Kirke
 15647 | Lair:3   | Noticed a sphinx
 15649 | Lair:3   | Paralysed by a sphinx for 2 turns
 15655 | Lair:3   | Noticed a sphinx
 15657 | Lair:3   | Paralysed by a sphinx for 3 turns
 15663 | Lair:3   | HP: 1/120 [sphinx[Kirke] (7)]
 15664 | Lair:3   | Mangled by a sphinx

Illustrated notes

Levels and vault maps discovered:
D:1:      minmay_arrival_pointy, layout_basic, hellmonk_ecumenical_altar_run_dry
D:2:      layout_rooms, basic_altar, minmay_misc_feat_nine_boxes, minmay_puff
D:3:      layout_loops_ring, serial_shops, shop_statue,
          kennysheep_generic_room_8, uniq_grinder
D:4:      layout_basic
D:5:      layout_loops_corners, evilmike_ruin_ashenzari,
          nicolae_wu_jian_wuxing_cycle, minmay_temple_entry_gardened_gates
D:6:      layout_basic, makhleb_grotto_becter, minmay_bent
D:7:      layout_basic, serial_shops, shop, grunt_ministairs_6
D:8:      erik_cavepeople, layout_cave_pods, serial_shops, shop_fountains,
          grunt_ministairs_2, uniq_maggie
D:9:      layout_rooms, elyvilon_altar_3, nicolae_overflow_hidden_temple
D:10:     layout_irregular_city, grunt_nemelex_the_gamble
D:11:     minmay_the_grid_3x2 [minmay_the_grid_tri_star,
          minmay_the_grid_aliased_spiral, minmay_the_grid_diamond_grid,
          minmay_the_grid_outer_diamond, minmay_the_grid_minigrid_medium,
          minmay_the_grid_prize_four_corners_diamond_a], layout_basic,
          minmay_lair_entry_grove
Lair:1:   layout_small_grid, ebering_ghost_funeral_grove, serial_bayou_shore_a,
          grunt_megastairs_3, lemuel_fruit_tree
Lair:2:   layout_regular_city, elwin_shoals_entry_stream, dummy_spider_entry,
          grunt_megastairs_4, infiniplex_staircase_pool_2
Lair:3:   layout_regular_city, uniq_kirke, uniq_nessos

Skill      XL: |  1  2  3  4  5  6  7  8  9 10 11 12 13 |
---------------+----------------------------------------+-----
Dodging        | 2 3 4 5 6 7 |  7.3
Armour         | 3 4 5 6 7 9 10 | 10.6
Fighting       | 4 5 6 7 8 9 |  9.3
Maces & Flails | 4 5 6 7 8 10 11 13 14 | 14.5
Stealth        | 1 2 3 4 5 |  5.7
Shields        | 1 2 4 5 6 7 8 |  8.9
Throwing       | 1 2 |  2.0
Unarmed Combat | 1 |  1.3
Polearms       | |  0.1

Action                   |  1- 3 |  4- 6 |  7- 9 | 10-12 | 13-15 || total
-------------------------+-------+-------+-------+-------+-------++-------
Melee: Mace              |   149 |     3 |       |       |       ||   152
       Whip              |       |    96 |   404 |    28 |       ||   528
       Punch             |       |     2 |     9 |    18 |     2 ||    31
       Flail             |       |       |       |   845 |   249 ||  1094
       Unarmed           |       |       |       |    19 |     4 ||    23
       Lance             |       |       |       |     4 |       ||     4
Throw: Dart              |       |       |     3 |    13 |       ||    16
Invok: Berserk           |       |     2 |       |     5 |     2 ||     9
  Use: Scroll            |       |     5 |     4 |     6 |     2 ||    17
 Stab: Sleeping          |       |     1 |     1 |     6 |     5 ||    13
       Confused          |       |       |       |     3 |       ||     3
       Distracted        |       |       |       |     1 |     1 ||     2
Armor: Animal skin       |    53 |    28 |    50 |       |       ||   131
       Leather armour    |       |       |    99 |    61 |       ||   160
       Skin              |       |       |       |     2 |       ||     2
       Steam dragon scal |       |       |       |   163 |       ||   163
       Troll leather arm |       |       |       |   190 |   138 ||   328
Dodge: Dodged            |   125 |    48 |   228 |   606 |   226 ||  1233
